| TOP OF THE 1ST |
|
Colorado Rockies batting - Pitching for San Diego Padres : RHP Ismael Valdez
|
|
Pitching: RHP Ismael Valdez
|
|
|
Batting: LHB Todd Helton
|
0-0: Ball 1-0: Ball 2-0: Swinging Strike 2-1: Called Strike 2-2: Strikes out swinging
|
|
Batting: RHB Juan Gonzalez
|
0-0: Ball 1-0: Called Strike 1-1: Foul Ball, location: 2F 1-2: SOLO HOME RUN (Flyball, 8LXD, EV 102.5 MPH), Distance : 427 ft
|
|
Batting: SHB Dmitri Young
|
0-0: Called Strike 0-1: Ball 1-1: Called Strike 1-2: Ball 2-2: Foul Ball, location: 2F 2-2: Strikes out swinging
|
|
Batting: LHB Bob Hamelin
|
0-0: Ball 1-0: Called Strike 1-1: Foul Ball, location: 2F 1-2: Fly out, F6 (Line Drive, 6, EV 71.9 MPH)
|
| Top of the 1st over - 1 run, 1 hit, 0 errors, 0 left on base; Colorado 1 - San Diego 0 |
| BOTTOM OF THE 1ST |
|
San Diego Padres batting - Pitching for Colorado Rockies : RHP Jason Schmidt
|
|
Pitching: RHP Jason Schmidt
|
|
|
Batting: LHB Darryl Hamilton
|
0-0: Fly out, F6 (Popup, 6D, EV 65.0 MPH)
|
|
Batting: RHB Carlos Quintana
|
0-0: Ball 1-0: Ball 2-0: Hit by Pitch
|
|
Batting: RHB Manny Ramirez
|
0-0: Swinging Strike 0-1: Swinging Strike 0-2: Strikes out swinging
|
|
Batting: SHB Tony Clark
|
0-0: Ball 1-0: Called Strike 1-1: Foul Ball, location: 2F 1-2: Ball 2-2: Foul Ball, location: 2F 2-2: Ball 3-2: Strikes out looking
|
| Bottom of the 1st over - 0 runs, 0 hits, 0 errors, 1 left on base; Colorado 1 - San Diego 0 |
| TOP OF THE 2ND |
|
Colorado Rockies batting - Pitching for San Diego Padres : RHP Ismael Valdez
|
|
Batting: RHB Damion Easley
|
0-0: Called Strike 0-1: Swinging Strike 0-2: Ball 1-2: Ball 2-2: Foul Ball, location: 2F 2-2: Ball 3-2: Ground out 6-3 (Groundball, 6, EV 102.5 MPH)
|
|
Batting: RHB Steve Gibralter
|
0-0: Called Strike 0-1: Ball 1-1: Foul Ball, location: 2F 1-2: Ball 2-2: Foul Ball, location: 2F 2-2: Strikes out swinging
|
|
Batting: LHB Keith Lockhart
|
0-0: Called Strike 0-1: Called Strike 0-2: Strikes out swinging
|
| Top of the 2nd over - 0 runs, 0 hits, 0 errors, 0 left on base; Colorado 1 - San Diego 0 |
| BOTTOM OF THE 2ND |
|
San Diego Padres batting - Pitching for Colorado Rockies : RHP Jason Schmidt
|
|
Batting: LHB Jim Edmonds
|
0-0: Called Strike 0-1: Swinging Strike 0-2: Ball 1-2: Strikes out looking
|
|
Batting: SHB Mark Whiten
|
0-0: Ball 1-0: Ball 2-0: Called Strike 2-1: Ball 3-1: Foul Ball, location: 2F 3-2: Ground out 3-1 (Groundball, 34, EV 109.4 MPH)
|
|
Batting: RHB Craig Grebeck
|
0-0: Foul Ball, location: 2F 0-1: Ball 1-1: Foul Ball, location: 2F 1-2: Ball 2-2: Ground out U3 (Groundball, 34, EV 85.6 MPH)
|
| Bottom of the 2nd over - 0 runs, 0 hits, 0 errors, 0 left on base; Colorado 1 - San Diego 0 |
| TOP OF THE 3RD |
|
Colorado Rockies batting - Pitching for San Diego Padres : RHP Ismael Valdez
|
|
Batting: LHB Chip Hale
|
0-0: Ball 1-0: Swinging Strike 1-1: Ball 2-1: Ground out 5-3 (Groundball, 5, EV 81.3 MPH)
|
|
Batting: RHB Todd Pratt
|
0-0: Called Strike 0-1: Swinging Strike 0-2: Ball 1-2: Foul Ball, location: 2F 1-2: Ball 2-2: Strikes out swinging
|
|
Batting: LHB Todd Helton
|
0-0: Ball 1-0: Ball 2-0: Called Strike 2-1: Ball 3-1: Fly out, F9 (Flyball, 89S, EV 86.9 MPH)
|
| Top of the 3rd over - 0 runs, 0 hits, 0 errors, 0 left on base; Colorado 1 - San Diego 0 |
| BOTTOM OF THE 3RD |
|
San Diego Padres batting - Pitching for Colorado Rockies : RHP Jason Schmidt
|
|
Batting: SHB Manuel Lee
|
0-0: Called Strike 0-1: Ball 1-1: Ground out 6-3 (Groundball, 6, EV 106.3 MPH)
|
|
Batting: RHB Cesar Devarez
|
0-0: Ball 1-0: Ball 2-0: Ball 3-0: Base on Balls
|
|
Batting: LHB Darryl Hamilton
|
0-0: Ball 1-0: Grounds into double play, 6-4-3 (Groundball, 6, EV 86.3 MPH)
|
| Bottom of the 3rd over - 0 runs, 0 hits, 0 errors, 0 left on base; Colorado 1 - San Diego 0 |
| TOP OF THE 4TH |
|
Colorado Rockies batting - Pitching for San Diego Padres : RHP Ismael Valdez
|
|
Batting: RHB Juan Gonzalez
|
0-0: Called Strike 0-1: Ball 1-1: Ball 2-1: Foul Ball, location: 2F 2-2: Ball 3-2: SINGLE (Groundball, 6MD, EV 102.5 MPH)
|
|
Batting: SHB Dmitri Young
|
0-0: Ball 1-0: Ball 2-0: Called Strike 2-1: Foul Ball, location: 2F 2-2: Strikes out swinging
|
|
Batting: LHB Bob Hamelin
|
0-0: Ball Juan Gonzalez steals 2nd base 1-0: Called Strike 1-1: Foul Ball, location: 2F 1-2: 2-RUN HOME RUN (Flyball, 9D, EV 101.9 MPH), Distance : 378 ft
|
|
Batting: RHB Damion Easley
|
0-0: Called Strike 0-1: SINGLE (Line Drive, 78S, EV 100.6 MPH)
|
|
Batting: RHB Steve Gibralter
|
0-0: Ball 1-0: Foul Ball, location: 2F 1-1: Ball 2-1: Fly out, F5 (Popup, 5SF, EV 77.5 MPH)
|
|
Batting: LHB Keith Lockhart
|
0-0: Ball Damion Easley steals 2nd base (no throw) 1-0: Ground out 4-3 (Groundball, 4, EV 102.5 MPH)
|
| Top of the 4th over - 2 runs, 3 hits, 0 errors, 1 left on base; Colorado 3 - San Diego 0 |
| BOTTOM OF THE 4TH |
|
San Diego Padres batting - Pitching for Colorado Rockies : RHP Jason Schmidt
|
|
Batting: RHB Carlos Quintana
|
0-0: Ball 1-0: Ball 2-0: Swinging Strike 2-1: Ball 3-1: Base on Balls
|
|
Batting: RHB Manny Ramirez
|
0-0: Called Strike 0-1: Swinging Strike 0-2: Ball 1-2: Strikes out swinging
|
|
Batting: SHB Tony Clark
|
0-0: Ball 1-0: Called Strike 1-1: Fly out, F6 (Popup, 6S, EV 75.0 MPH)
|
|
Batting: LHB Jim Edmonds
|
0-0: Ball 1-0: Ball 2-0: Called Strike 2-1: Foul Ball, location: 2F 2-2: Strikes out looking
|
| Bottom of the 4th over - 0 runs, 0 hits, 0 errors, 1 left on base; Colorado 3 - San Diego 0 |
| TOP OF THE 5TH |
|
Colorado Rockies batting - Pitching for San Diego Padres : RHP Ismael Valdez
|
|
Batting: LHB Chip Hale
|
0-0: SINGLE (Line Drive, 78S, EV 110.0 MPH)
|
|
Batting: RHB Todd Pratt
|
0-0: Ball 1-0: Ball 2-0: Swinging Strike 2-1: Called Strike 2-2: Strikes out swinging
|
|
Batting: LHB Todd Helton
|
Balk! Chip Hale to second 0-0: Ball 1-0: Called Strike 1-1: Foul Ball, location: 2F 1-2: Ball 2-2: Strikes out swinging
|
|
Batting: RHB Juan Gonzalez
|
0-0: Ball 1-0: Called Strike 1-1: Ground out 6-3 (Groundball, 6, EV 80.6 MPH)
|
| Top of the 5th over - 0 runs, 1 hit, 0 errors, 1 left on base; Colorado 3 - San Diego 0 |
| BOTTOM OF THE 5TH |
|
San Diego Padres batting - Pitching for Colorado Rockies : RHP Jason Schmidt
|
|
Batting: SHB Mark Whiten
|
0-0: Called Strike 0-1: Fly out, F9 (Flyball, 9S, EV 86.3 MPH)
|
|
Batting: RHB Craig Grebeck
|
0-0: Ball 1-0: Ball 2-0: Ground out 2-3 (Groundball, 15S, EV 65.0 MPH)
|
|
Batting: SHB Manuel Lee
|
0-0: Swinging Strike 0-1: Foul Ball, location: 2F 0-2: Strikes out looking
|
| Bottom of the 5th over - 0 runs, 0 hits, 0 errors, 0 left on base; Colorado 3 - San Diego 0 |
| TOP OF THE 6TH |
|
Colorado Rockies batting - Pitching for San Diego Padres : RHP Ismael Valdez
|
|
Batting: SHB Dmitri Young
|
0-0: DOUBLE (Line Drive, 89D, EV 111.9 MPH)
|
|
Batting: LHB Bob Hamelin
|
0-0: Ball 1-0: Foul Ball, location: 2F 1-1: Ball 2-1: Foul Ball, location: 2F 2-2: Strikes out looking
|
|
Batting: RHB Damion Easley
|
0-0: Called Strike 0-1: Ball 1-1: SINGLE (Line Drive, 78S, EV 95.0 MPH) Dmitri Young to third
|
|
Batting: RHB Steve Gibralter
|
0-0: Called Strike Damion Easley steals 2nd base 0-1: Swinging Strike 0-2: Ball 1-2: Strikes out swinging
|
|
Batting: LHB Keith Lockhart
|
0-0: Fly out, F7 (Flyball, 7S, EV 90.6 MPH)
|
| Top of the 6th over - 0 runs, 2 hits, 0 errors, 2 left on base; Colorado 3 - San Diego 0 |
| BOTTOM OF THE 6TH |
|
San Diego Padres batting - Pitching for Colorado Rockies : RHP Jason Schmidt
|
|
Batting: RHB Cesar Devarez
|
0-0: Called Strike 0-1: Swinging Strike 0-2: Ball 1-2: Strikes out swinging
|
|
Batting: LHB Darryl Hamilton
|
0-0: Called Strike 0-1: Called Strike 0-2: Foul Ball, location: 2F 0-2: Ground out 1-3 (Groundball, 13S, EV 65.0 MPH)
|
|
Batting: RHB Carlos Quintana
|
0-0: Ball 1-0: Foul Ball, location: 2F 1-1: Ball 2-1: Called Strike 2-2: Strikes out swinging
|
| Bottom of the 6th over - 0 runs, 0 hits, 0 errors, 0 left on base; Colorado 3 - San Diego 0 |
| TOP OF THE 7TH |
|
Colorado Rockies batting - Pitching for San Diego Padres : RHP Ismael Valdez
|
|
Batting: LHB Chip Hale
|
0-0: Called Strike 0-1: Fly out, F8 (Line Drive, 8RD, EV 91.9 MPH)
|
|
Batting: RHB Todd Pratt
|
0-0: Called Strike 0-1: Ground out 5-3 (Groundball, 56S, EV 91.9 MPH)
|
|
Batting: LHB Todd Helton
|
0-0: Ball 1-0: Fly out, F9 (Flyball, 89M, EV 94.4 MPH)
|
| Top of the 7th over - 0 runs, 0 hits, 0 errors, 0 left on base; Colorado 3 - San Diego 0 |
| BOTTOM OF THE 7TH |
|
San Diego Padres batting - Pitching for Colorado Rockies : RHP Jason Schmidt
|
|
Batting: RHB Manny Ramirez
|
0-0: Called Strike 0-1: Ball 1-1: Ground out 6-3 (Groundball, 6, EV 100.6 MPH)
|
|
Batting: SHB Tony Clark
|
0-0: Ball 1-0: Ball 2-0: Ball 3-0: Base on Balls
|
|
Batting: LHB Jim Edmonds
|
0-0: Ball 1-0: Grounds into double play, 4-6-3 (Groundball, 4, EV 80.0 MPH)
|
| Bottom of the 7th over - 0 runs, 0 hits, 0 errors, 0 left on base; Colorado 3 - San Diego 0 |
| TOP OF THE 8TH |
|
Colorado Rockies batting - Pitching for San Diego Padres : RHP Ismael Valdez
|
|
Batting: RHB Juan Gonzalez
|
0-0: Swinging Strike 0-1: Foul Ball, location: 2F 0-2: Strikes out looking
|
|
Batting: SHB Dmitri Young
|
0-0: Ball 1-0: Ball 2-0: Called Strike 2-1: Ball 3-1: Foul Ball, location: 2F 3-2: Foul Ball, location: 2F 3-2: Foul Ball, location: 2F 3-2: Base on Balls
|
|
Pitching: RHP Dave Veres
|
|
|
Batting: LHB Bob Hamelin
|
0-0: Ball 1-0: Ball 2-0: Called Strike 2-1: Ball 3-1: Called Strike 3-2: Base on Balls Dmitri Young to second
|
|
Batting: RHB Damion Easley
|
0-0: Ball 1-0: Ball 2-0: Ball 3-0: Base on Balls Dmitri Young to third Bob Hamelin to second
|
|
Batting: RHB Steve Gibralter
|
0-0: DOUBLE (Line Drive, 89D, EV 101.3 MPH) Dmitri Young scores Bob Hamelin scores Damion Easley to third Runner from 3rd tries for Home, SAFE, throw by RF to trailing runner, SAFE at third!
|
|
Batting: LHB Keith Lockhart
|
0-0: Called Strike 0-1: Called Strike 0-2: Strikes out swinging
|
|
Batting: LHB Chip Hale
|
0-0: Called Strike 0-1: Ball 1-1: Ground out U3 (Groundball, 34, EV 110.6 MPH)
|
| Top of the 8th over - 3 runs, 1 hit, 0 errors, 1 left on base; Colorado 6 - San Diego 0 |
| BOTTOM OF THE 8TH |
|
San Diego Padres batting - Pitching for Colorado Rockies : RHP Jason Schmidt
|
|
Batting: SHB Mark Whiten
|
0-0: Called Strike 0-1: SINGLE (Groundball, 5D, EV 96.3 MPH)
|
|
Batting: RHB Craig Grebeck
|
0-0: DOUBLE (Flyball, 9LD, EV 113.1 MPH) Mark Whiten to third Mark Whiten scores
|
|
Pitching: RHP Jeff Russell
|
|
|
Batting: SHB Manuel Lee
|
0-0: Called Strike 0-1: Ball 1-1: SINGLE (Line Drive, 3D, EV 105.6 MPH) Craig Grebeck to third
|
|
Batting: RHB Cesar Devarez
|
0-0: Foul Ball, location: 2F 0-1: Ball 1-1: Foul Ball, location: 2F 1-2: Ball 2-2: Strikes out swinging
|
|
Batting: LHB Darryl Hamilton
|
0-0: SINGLE (Flyball, 7LS, EV 88.1 MPH) Craig Grebeck scores Manuel Lee to second
|
|
Batting: RHB Carlos Quintana
|
0-0: Fly out, F8 (Flyball, 8RS, EV 75.6 MPH)
|
|
Batting: RHB Manny Ramirez
|
0-0: Fly out, F7 (Line Drive, 7, EV 98.1 MPH)
|
| Bottom of the 8th over - 2 runs, 4 hits, 0 errors, 2 left on base; Colorado 6 - San Diego 2 |
| TOP OF THE 9TH |
|
Colorado Rockies batting - Pitching for San Diego Padres : RHP Dave Veres
|
|
Batting: RHB Todd Pratt
|
0-0: Swinging Strike 0-1: Foul Ball, location: 2F 0-2: Strikes out looking
|
|
Batting: LHB Todd Helton
|
0-0: Foul Ball, location: 2F 0-1: Foul Ball, location: 2F 0-2: Fly out, F9 (Line Drive, 9D, EV 90.6 MPH)
|
|
Batting: RHB Juan Gonzalez
|
0-0: Called Strike 0-1: Ball 1-1: Ball 2-1: Ball 3-1: Foul Ball, location: 2F 3-2: Foul Ball, location: 2F 3-2: Strikes out swinging
|
| Top of the 9th over - 0 runs, 0 hits, 0 errors, 0 left on base; Colorado 6 - San Diego 2 |
| BOTTOM OF THE 9TH |
|
San Diego Padres batting - Pitching for Colorado Rockies : RHP Jeff Russell
|
|
Batting: SHB Tony Clark
|
0-0: Ball 1-0: Ball 2-0: Ball 3-0: Called Strike 3-1: Called Strike 3-2: Ground out 3-1 (Groundball, 34, EV 84.4 MPH)
|
|
Batting: LHB Jim Edmonds
|
0-0: Swinging Strike 0-1: Foul Ball, location: 2F 0-2: Ball 1-2: Foul Ball, location: 2F 1-2: Foul Ball, location: 2F 1-2: Fly out, F7 (Line Drive, 7, EV 90.0 MPH)
|
|
Batting: SHB Mark Whiten
|
0-0: Ball 1-0: SINGLE (Groundball, 3D, EV 98.1 MPH)
|
|
Batting: RHB Craig Grebeck
|
0-0: Fly out, F8 (Flyball, 78D, EV 107.5 MPH)
|
| Bottom of the 9th over - 0 runs, 1 hit, 0 errors, 1 left on base; Colorado 6 - San Diego 2 |
|